 Dungeon Sprint DCSS version 0.29-a0-512-gf59ac788ac (webtiles) character file.

Game seed: 3496185823055364860

10469 mhtbhm the Brawler (level 11, 0/126 HPs)
             Began as a Troll Transmuter on May 29, 2022.
             Was an Initiate of Gozag.
             Slain by an orc warrior
             ... wielding a +1 halberd of venom
              (20 damage)
             ... in the Dungeon (Sprint IX: "|||||||||||||||||||||||||||||").
             The game lasted 00:06:02 (1892 turns).

mhtbhm the Brawler (Troll Transmuter)               Turns: 1892, Time: 00:06:02

Health: 0/126      AC: 10    Str: 20    XL:     11   Next: 36%
Magic:  17/21      EV: 13    Int: 13    God:    Gozag
Gold:   2055       SH:  0    Dex: 13    Spells: 15/25 levels left

rFire   x . .      SeeInvis .     - Unarmed
rCold   + + +      Faith    .   (shield currently unavailable)
rNeg    . . .      Spirit   .   (body armour currently unavailable)
rPois   +          Reflect  .   (helmet currently unavailable)
rElec   .          Harm     .   (cloak currently unavailable)
rCorr   .          Rampage  .   (gloves unavailable)
Will    .....      NoTele   +   (boots unavailable)
Stlth   ++........              (no amulet)
HPRegen 1.11/turn               l - +3 ring of dexterity
MPRegen 0.17/turn               m - +2 ring of protection

@: lethally poisoned (0 -> 0), ice-form, wereblooded, gold aura, studying
Throwing
A: freezing attack, amphibious, boosted hp, large, unfitting armour, (claws 3),
regeneration 1, (shaggy fur 1), (tough skin 1)
a: End Transformation, Renounce Religion, Potion Petition, Call Merchant, Bribe
Branch


You were in the Dungeon.
You worshipped Gozag.
Gozag was most pleased with you.
You were a creature of crystalline ice.
You visited 1 branch You collected 5889 gold pieces.
You spent 2281 gold pieces at shops.
You paid 1553 gold pieces to Gozag.

Inventory:

Missiles
 g - 5 large rocks (quivered)
 n - a curare-tipped dart
Armour
 a - a +2 robe of the Archmagi (melded)
 t - a +2 cloak of willpower
 u - the +2 cloak of the Thief (melded) {*Fog Slay-2 SInv Stlth+}
   (You bought it in a shop in the Dungeon)

   It may release a thick cloud of smoke when the wearer is hurt.
   Slay:      It affects your accuracy & damage with ranged weapons and melee
   (-2).
   SInv:      It lets you see invisible.
   Stlth:     It makes you more stealthy.
Jewellery
 l - a +3 ring of dexterity (left front paw)
 m - a +2 ring of protection (right front paw)
Wands
 k - a wand of acid (4)
Scrolls
 h - 2 scrolls of blinking
 j - 2 scrolls of amnesia
 q - a scroll of fog
 r - 2 scrolls of fear
 s - 2 scrolls of enchant armour
Potions
 b - a potion of lignification
 c - 6 potions of curing
 d - 3 potions of heal wounds
 e - 2 potions of haste
 f - 4 potions of magic
 i - a potion of invisibility
 o - a potion of berserk rage
 p - a potion of resistance


   Skills:
 + Level 6.0 Fighting
 + Level 1.7 Throwing
 + Level 9.4 Dodging
 + Level 2.3 Stealth
 + Level 19.1 Unarmed Combat
 + Level 7.7 Spellcasting
 + Level 8.0 Transmutations
 + Level 3.1 Ice Magic
 + Level 2.3 Evocations


You had 15 spell levels left.
You knew the following spells:

 Your Spells              Type           Power      Damage    Failure   Level
a - Beastly Appendage     Tmut           50%        N/A       1%          1
b - Wereblood             Tmut           25%        N/A       1%          2
c - Spider Form           Tmut/Pois      15%        N/A       9%          3
d - Ice Form              Ice/Tmut       19%        N/A       14%         4

Your spell library contained the following spells:

 Spells                   Type           Power      Damage    Failure   Level


Dungeon Overview and Level Annotations

Branches:
Dungeon (1/1)

Altars:
Cheibriados
Dithmenos
Elyvilon
Fedhas
Gozag
Hepliaklqana
Kikubaaqudgha
Makhleb
Nemelex Xobeh
Okawaru
Qazlal
Ru
Sif Muna
Trog
Uskayaw
Vehumet
Wu Jian
Xom
Yredelemnul
Zin
The Shining One
Beogh
Jiyva
Lugonu

Shops:
D [:*


Innate Abilities, Weirdness & Mutations

You are a creature of crystalline ice.
You have a powerful freezing melee attack.
You are amphibious.
Your maximum health is increased.
Your armour is entirely melded.
You are incapable of wielding weapons or throwing items.
You are too large for most types of armour.
((You have claws for hands.))
Your natural rate of healing is unusually fast.
((You are covered in fur. (AC +1)))
((You have tough skin. (AC +1)))


Message History

The orc knight roars a battlecry!
The orc knight goes into a battle-frenzy!
The orc knight hits you with a +0 long sword.
The orc warrior hits you from afar with a +1 halberd of venom!
* * * LOW HITPOINT WARNING * * *
Press: ? - help, v - describe, . - travel An open door to Orc:2.
Aiming: Corrosive Bolt
Press: ? - help, Shift-Dir - straight line, f - orc warrior
Aim: an orc warrior, wielding a +1 halberd of venom and wearing a +0 chain mail (severely wounded, strong, 68% to hit)
The bolt of acid misses the orc knight.
The bolt of acid misses the orc warrior.
The bolt of acid hits the orc warrior!
The orc warrior is heavily wounded.
The bolt of acid hits the orc knight!
The acid corrodes the orc knight!
The orc knight is lightly wounded.
The bolt of acid hits the orc warrior.
The acid corrodes the orc warrior!
The orc warrior is lightly wounded.
You feel sick.
You hear a shout!
The orc knight hits you with a +0 long sword!
* * * LOW HITPOINT WARNING * * *
The orc warrior barely misses you.
Unknown command.
Unknown command.
Unknown command.
Aiming: Corrosive Bolt
Press: ? - help, Shift-Dir - straight line, f/p - orc warrior
Aim: an orc warrior, wielding a +1 halberd of venom and wearing a +0 chain mail (severely wounded, strong, 68% to hit)
The bolt of acid hits the orc knight!
You feel a bit better.
You kill the orc knight!
The bolt of acid hits the orc warrior.
The orc warrior is almost dead.
The bolt of acid misses the orc knight.
The bolt of acid hits the orc warrior!
The orc warrior is almost dead.
The bolt of acid misses the orc warrior.
You feel sick.
The orc warrior hits you from afar with a +1 halberd of venom!!
You die...
Your body crumbles into a pile of gold.

_________________'..).[[[..')....
▓▓▓▓▓▓▓▓▓▓▓▓▓▓▓▓▓▓▓▓▓▓▓▓▓▓▓▓▓▓▓▓▓
.................................
▓▓▓▓▓▓▓▓▓▓▓▓▓▓▓▓▓▓▓▓▓▓▓▓▓▓▓▓▓▓▓▓▓
.......'.........'.........).['..
▓▓▓▓▓▓▓▓▓▓▓▓▓▓▓▓▓▓▓▓▓▓▓▓▓▓▓▓▓▓▓▓▓
..(..............................
▓▓▓▓▓▓▓▓▓▓▓▓▓▓▓▓▓▓▓▓▓▓▓▓▓▓▓▓▓▓▓▓▓
.∩∩))).)........Y$oooooo $ $


$$$$ ▓▓▓▓▓▓▓▓▓▓▓▓▓▓▓▓▓▓▓▓▓▓▓▓ You could see 2 orc knights and 4 orc warriors.

Vanquished Creatures
  2 hydras (D)
  A centaur warrior (D)
  A two-headed ogre (D)
  4 orc knights (D)
  An ugly thing (D)
  An orc sorcerer (D)
  A cyclops (D)
  An elephant (D)
  A black mamba (D)
  A cane toad (D)
  An unseen horror (D)
  4 komodo dragons (D)
  A polar bear (D)
  A slime creature (D)
  A blink frog (D)
  A shadow (D)
  2 yaks (D)
  A wraith (D)
  An acid dragon (D)
  A water moccasin (D)
  6 orc warriors (D)
  8 black bears (D)
  A kobold brigand (D)
  4 bullfrogs (D)
  A killer bee (D)
  3 hounds (D)
  An orc priest (D)
  An iguana (D)
  6 orc wizards (D)
  9 orcs (D)
  2 hobgoblins (D)
  A quokka (D)
  2 ball pythons (D)
  A bat (D)
74 creatures vanquished.

Notes
Turn   | Place    | Note
-------+----------+-------------------------------------------
     0 | D        | mhtbhm the Troll Transmuter began the quest for the Orb.
     0 | D        | Reached XP level 1. HP: 18/18 MP: 1/1
   123 | D        | Noticed a hound
   123 | D        | Noticed a hound
   123 | D        | Noticed an iguana
   123 | D        | Noticed a hound
   129 | D        | Killed a hound
   130 | D        | Reached skill level 1 in Fighting
   130 | D        | Reached skill level 5 in Unarmed Combat
   130 | D        | Reached XP level 2. HP: 25/27 MP: 0/4
   130 | D        | Reached XP level 3. HP: 30/33 MP: 0/5
   134 | D        | Reached skill level 6 in Unarmed Combat
   143 | D        | Reached XP level 4. HP: 16/41 MP: 1/6
   148 | D        | Reached skill level 7 in Unarmed Combat
   251 | D        | Found a snail-covered altar of Cheibriados.
   251 | D        | Found a shadowy altar of Dithmenos.
   251 | D        | Found a white marble altar of Elyvilon.
   251 | D        | Found a blossoming altar of Fedhas.
   251 | D        | Found an opulent altar of Gozag.
   252 | D        | Found a hazy altar of Hepliaklqana.
   253 | D        | Found a viscous altar of Jiyva.
   254 | D        | Found an ancient bone altar of Kikubaaqudgha.
   255 | D        | Found a corrupted altar of Lugonu.
   256 | D        | Found a burning altar of Makhleb.
   257 | D        | Found a sparkling altar of Nemelex Xobeh.
   258 | D        | Found an iron altar of Okawaru.
   259 | D        | Became a worshipper of Gozag Ym Sagoz the Greedy
   263 | D        | Learned a level 2 spell: Wereblood
   267 | D        | Learned a level 3 spell: Spider Form
   267 | D        | Found a stormy altar of Qazlal.
   268 | D        | Found a sacrificial altar of Ru.
   269 | D        | Found a shimmering blue altar of Sif Muna.
   270 | D        | Found a bloodstained altar of Trog.
   271 | D        | Found a hide-covered altar of Uskayaw.
   272 | D        | Found a radiant altar of Vehumet.
   273 | D        | Found an ornate altar of the Wu Jian Council.
   274 | D        | Found a shimmering altar of Xom.
   275 | D        | Found a basalt altar of Yredelemnul.
   276 | D        | Found a glowing silver altar of Zin.
   277 | D        | Found a glowing golden altar of the Shining One.
   305 | D        | Noticed a kobold brigand
   305 | D        | Noticed a wraith
   305 | D        | Noticed an acid dragon
   305 | D        | Noticed a shadow
   308 | D        | Reached skill level 8 in Unarmed Combat
   308 | D        | Reached XP level 5. HP: 47/48 MP: 3/8
   317 | D        | Reached skill level 9 in Unarmed Combat
   320 | D        | Killed a wraith
   321 | D        | Reached skill level 10 in Unarmed Combat
   321 | D        | Reached XP level 6. HP: 57/57 MP: 4/10
   324 | D        | Killed an acid dragon
   325 | D        | Reached skill level 5 in Dodging
   325 | D        | Reached skill level 11 in Unarmed Combat
   332 | D        | Killed an unseen horror
   333 | D        | Reached skill level 12 in Unarmed Combat
   333 | D        | Reached XP level 7. HP: 30/66 MP: 6/12
   336 | D        | Killed a shadow
   337 | D        | Reached skill level 5 in Transmutations
   569 | D        | Learned a level 4 spell: Ice Form
   573 | D        | Noticed a centaur warrior
   573 | D        | Noticed a red ugly thing
   573 | D        | Noticed a slime creature
   573 | D        | Noticed a two-headed ogre
   573 | D        | Noticed a cyclops
   582 | D        | Killed a centaur warrior
   583 | D        | Reached skill level 13 in Unarmed Combat
   583 | D        | Reached skill level 5 in Spellcasting
   583 | D        | Reached skill level 1 in Evocations
   583 | D        | Reached XP level 8. HP: 78/78 MP: 6/14
   584 | D        | Killed a red ugly thing
   585 | D        | Reached skill level 1 in Stealth
   585 | D        | Reached skill level 14 in Unarmed Combat
   590 | D        | Killed a slime creature
   591 | D        | Reached XP level 9. HP: 84/84 MP: 6/16
   596 | D        | Killed a two-headed ogre
   597 | D        | Reached skill level 15 in Unarmed Combat
   603 | D        | Killed a cyclops
   784 | D        | Noticed an eight-headed hydra
   784 | D        | Noticed a komodo dragon
   784 | D        | Noticed a komodo dragon
   784 | D        | Noticed a komodo dragon
   790 | D        | Killed an eight-headed hydra
   791 | D        | Reached skill level 16 in Unarmed Combat
   794 | D        | Reached XP level 10. HP: 94/94 MP: 9/18
   798 | D        | Reached skill level 5 in Fighting
   798 | D        | Reached skill level 1 in Ice Magic
   863 | D        | Noticed an elephant
   863 | D        | Noticed a cane toad
   863 | D        | Noticed a black mamba
   863 | D        | Noticed a six-headed hydra
   867 | D        | Reached skill level 17 in Unarmed Combat
   870 | D        | Killed an elephant
   873 | D        | Killed a six-headed hydra
   874 | D        | Killed a cane toad
   877 | D        | Killed a black mamba
   888 | D        | Reached skill level 18 in Unarmed Combat
   934 | D        | Reached XP level 11. HP: 104/104 MP: 14/20
  1077 | D        | Noticed an orc knight
  1077 | D        | Noticed an orc sorcerer
  1288 | D        | Killed an orc knight
  1292 | D        | Killed an orc sorcerer
  1293 | D        | Reached skill level 1 in Throwing
  1517 | D        | Bought a manual of Throwing for 1280 gold pieces
  1519 | D        | Bought the +2 cloak of the Thief {*Fog Slay-2 SInv Stlth+}
                  | for 643 gold pieces
  1519 | D        | Found the +2 cloak of the Thief {*Fog Slay-2 SInv Stlth+}
  1525 | D        | Bought a glowing robe for 118 gold pieces
  1541 | D        | Bought a glowing cloak for 240 gold pieces
  1544 | D        | Noticed an orc knight
  1544 | D        | Noticed an orc knight
  1554 | D        | Killed an orc knight
  1556 | D        | Reached skill level 19 in Unarmed Combat
  1659 | D        | Killed an orc knight
  1879 | D        | Found Qezxef's Assorted Antiques.
  1879 | D        | Noticed an orc knight
  1880 | D        | Noticed an orc knight
  1892 | D        | Killed an orc knight
  1892 | D        | Slain by an orc warrior

Illustrated notes

Levels and vault maps discovered:
D:        linesprint [early_d, line_temple, items_1, d_10, items_2, lair_1,
          lair_end, items_3, orc_1, orc_end, items_4, d_15, swamp_1, shoals_1,
          snake_1, spider_1, d_20, vaults_1, items_5, swamp_end, shoals_end,
          snake_end, spider_end, vaults_end, d_27, items_6, zot_1, zot_end,
          crypt_end, forest_end, elf_end, slime_end, tomb_end, abyss_end,
          pan_hell_end]

Skill      XL: |  1  2  3  4  5  6  7  8  9 10 11 |
---------------+----------------------------------+-----
Dodging        | 2 3 4 5 6 7 8 9 |  9.4
Fighting       | 1 2 3 4 5 6 |  6.0
Unarmed Combat | 5 6 8 10 12 13 14 16 18 19 | 19.1
Spellcasting   | 2 3 4 5 6 7 |  7.7
Transmutations | 2 3 4 5 6 7 8 |  8.0
Evocations     | 1 2 |  2.3
Stealth        | 1 2 |  2.3
Ice Magic      | 2 3 |  3.1
Throwing       | 1 |  1.7

Action                   |  1- 3 |  4- 6 |  7- 9 | 10-12 || total
-------------------------+-------+-------+-------+-------++-------
Melee: Unarmed           |    27 |    25 |    33 |   119 ||   204
       Kick              |     5 |     7 |     8 |       ||    20
       Headbutt          |     1 |     5 |     5 |       ||    11
       Punch             |     1 |       |       |       ||     1
Throw: Large rock        |       |       |       |     6 ||     6
       Dart              |       |       |       |     1 ||     1
 Cast: Beastly Appendage |     2 |     2 |     2 |       ||     6
       Wereblood         |       |     1 |     2 |    10 ||    13
       Ice Form          |       |       |     2 |    10 ||    12
Invok: Call Merchant     |       |       |       |     2 ||     2
Evoke: Wand              |       |     3 |       |     3 ||     6
  Use: Potion            |       |     1 |     1 |     2 ||     4
       Scroll            |       |       |       |     1 ||     1
 Stab: Distracted        |       |       |       |     1 ||     1
Armor: Robe              |     8 |     8 |    10 |     1 ||    27
       Skin              |       |       |     1 |    20 ||    21
Dodge: Dodged            |     8 |     6 |    10 |    50 ||    74

Table legend: (Time is in decaauts)
 A = Elapsed time spent in this place.
 B = Non-inter-level travel time spent in this place.
 C = Inter-level travel time spent in this place.
 D = Time resting spent in this place.
 E = Time spent auto-exploring this place.
 F = Levels seen in this place.
 G = Mean time per level.
                   A        B        C        D        E       F      G
               +--------+--------+--------+--------+--------+-----+--------+
         Total |   1833 |   1833 |      0 |    717 |    334 |   1 | 1833.0 |
       Dungeon |   1833 |   1833 |      0 |    717 |    334 |   1 | 1833.0 |
               +--------+--------+--------+--------+--------+-----+--------+

Top non-repeatable levels by time:
       D: 1833 daAuts
